 Dungeon Crawl Stone Soup version 0.23-a0-550-g7de1f8e (webtiles) character file.

3484 GroovyGamera the Cleaver (level 10, -10/144 HPs)
             Began as a Gargoyle Fighter on Dec 8, 2018.
             Was an Initiate of Makhleb.
             Mangled by Gastronok (17 damage)
             ... on level 9 of the Dungeon.
             The game lasted 00:20:30 (7626 turns).

GroovyGamera the Cleaver (Gargoyle Fighter)         Turns: 7626, Time: 00:20:31

Health: -10/144    AC: 25    Str: 22 (25) XL:     10   Next: 7%
Magic:  0/11       EV:  2    Int: 11 (12) God:    Makhleb [......]
Gold:   331        SH:  0    Dex:  7 (9)  Spells: 9/9 levels left

rFire    . . .     SeeInvis .   d - +0 battleaxe
rCold    . . .     Gourm    .   (shield currently unavailable)
rNeg     + + +     Faith    .   (armour currently unavailable)
rPois    ∞         Spirit   +   (helmet currently unavailable)
rElec    .         Reflect  .   (cloak currently unavailable)
rCorr    .         Harm     .   (gloves currently unavailable)
MR       .....     NoTele   +   (boots currently unavailable)
Stlth    ..........             z - amulet of guardian spirit
HPRegen  0.34/turn              (no ring)
MPRegen  0.12/turn              (no ring)

@: berserking, tree-form, slowed
A: negative energy resistance 1, petrification resistance, rot immunity, AC +7
a: Renounce Religion


You were on level 9 of the Dungeon.
You worshipped Makhleb.
Makhleb was noncommittal.
You were hungry.
You were a tree.
You visited 2 branches of the dungeon, and saw 10 of its levels.
You also visited: Sewer.

You collected 331 gold pieces.

Inventory:

Hand Weapons
 a - a +0 war axe
 d - a +0 battleaxe (weapon)
Missiles
 g - 65 bolts
 w - 5 curare-tipped needles
Armour
 c - a +0 shield
 k - a +0 cloak (melded)
 s - a +1 plate armour (melded)
Jewellery
 q - an uncursed ring of flight
 z - an amulet of guardian spirit (around neck)
Wands
 p - a wand of polymorph (7)
Scrolls
 e - a scroll of amnesia
 l - 3 scrolls of remove curse
 m - a scroll of enchant weapon {unknown}
 n - 4 scrolls of enchant armour
 o - 3 scrolls of magic mapping
 r - a scroll of blinking
 t - a scroll of fear
 v - a scroll of immolation {unknown}
 y - 2 scrolls of teleportation
 B - a scroll of noise {unknown}
Potions
 b - 5 potions of mutation
 h - a potion of brilliance {unknown}
 j - 2 potions of lignification
 D - a potion of flight {unknown}
Comestibles
 f - 6 rations
 E - 9 chunks of flesh


   Skills:
 + Level 8.2 Fighting
 * Level 9.1 Axes
 + Level 8.2 Armour
 - Level 4.0 Shields
 + Level 1.9 Invocations


You had 9 spell levels left.
You didn't know any spells.
Your spell library contained the following spells:

 Spells                   Type           Power        Failure   Level  Hunger
 Freeze                   Ice            #...         34%         1    ##.....
 Magic Dart               Conj           #...         34%         1    ##.....
 Summon Small Mammal      Summ           #...         34%         1    ##.....
 Call Imp                 Summ           #.......     47%         2    ###....
 Searing Ray              Conj           #.....       47%         2    ###....
 Throw Frost              Conj/Ice       #.....       47%         2    ###....
 Call Canine Familiar     Summ           #.......     71%         3    ####...
 Dazzling Spray           Conj/Hex       #.....       71%         3    ####...
 Ozocubu's Armour         Chrm/Ice       #.......     71%         3    ####...
 Summon Guardian Golem    Hex/Summ       #.......     71%         3    ####...
 Force Lance              Conj/Tloc      #.......     98%         4    #####..
 Fulminant Prism          Conj/Hex       #.........   98%         4    #####..
 Iskenderun's Mystic Bla  Conj           #.......     98%         4    #####..
 Summon Ice Beast         Ice/Summ       #.......     98%         4    #####..
 Summon Lightning Spire   Summ/Air       #.......     98%         4    #####..
 Throw Icicle             Conj/Ice       #.......     98%         4    #####..


Dungeon Overview and Level Annotations

Branches:
Dungeon (9/15)             Temple (1/1) D:6
   Lair: D:8-11         Orc: D:9-12

Altars:
Ashenzari
Cheibriados
Dithmenos
Elyvilon
Fedhas
Gozag
Hepliaklqana
Kikubaaqudgha
Makhleb
Nemelex Xobeh
Okawaru
Qazlal
Ru
Sif Muna
Trog
Uskayaw
Vehumet
Wu Jian
Xom
Yredelemnul
Zin
The Shining One

Shops:
D:4 *   D:8 *

Annotations:
D:7 Prince Ribbit
D:9 Gastronok


Innate Abilities, Weirdness & Mutations

You are resistant to torment.
((Your stone body is resilient. (AC +7)))
You are immune to poison.
You resist negative energy. (rN+)
((You are resistant to electric shocks. (rElec)))
((You can survive without breathing.))
You are immune to petrification.
You are immune to rotting.


Message History

Gastronok is severely wounded.
Gastronok waves his eye-stalks in wide circles.
The air twists around and strikes you!
* * * LOW HITPOINT WARNING * * *
You slash Gastronok!
Gastronok is severely wounded.
Gastronok bites you!
* * * LOW HITPOINT WARNING * * *
You hit Gastronok.
Gastronok is severely wounded.
It was a potion of berserk rage.
A red film seems to cover your vision as you go berserk!
You feel yourself moving faster!
You feel mighty!
Gastronok waves his eye-stalks in wide circles.
The air twists around and strikes you!
* * * LOW HITPOINT WARNING * * *
You completely miss Gastronok.
Gastronok is severely wounded.
Gastronok bites you!!
You die...

## #.. ####.###
#......#
############......#
#..♣w.$........>..#
.....$##########..[...#
##### #..S...# #...<..#
#......# ########


You could see Gastronok.

Vanquished Creatures
  Harold (D:7)
  Joseph (D:7)
  A wyvern (D:8)
  A warg (D:8)
  An orc warrior (D:6)
  A sky beast (D:6)
  3 ogres
  A black bear (D:7)
  2 phantoms
  A wolf (D:8)
  A centaur (D:8)
  2 bullfrogs (D:7)
  A scorpion (D:5)
  3 howler monkeys
  A crimson imp (D:5)
  2 bullfrog zombies
  A centaur zombie (D:5)
  A jelly (D:8)
  An orc priest (D:3)
  8 orc wizards
  2 bullfrog skeletons
  Terence (D:2)
  2 iguanas
  4 worker ants
  9 gnolls
  5 river rats (Sewer)
  11 adders
  2 shadow imps (D:6)
  2 oozes
  An adder skeleton (D:4)
  5 worms
  2 dart slugs
  4 leopard geckos
  17 orcs
  6 giant cockroaches
  4 goblins
  5 hobgoblins
  8 jackals
  A quokka (D:2)
  3 ball pythons (Sewer)
  10 bats
  11 frilled lizards
  A jackal zombie (D:6)
  8 kobolds
  2 leopard gecko skeletons
  A quokka skeleton (D:5)
  16 rats
177 creatures vanquished.

Vanquished Creatures (others)
  3 gnolls (D:6)
3 creatures vanquished.

Grand Total: 180 creatures vanquished

Notes
Turn   | Place    | Note
-------+----------+-------------------------------------------
     0 | D:1      | GroovyGamera the Gargoyle Fighter began the quest for the
                  | Orb.
     0 | D:1      | Reached XP level 1. HP: 14/14 MP: 1/1
   163 | D:1      | Reached skill level 2 in Axes
   188 | D:1      | Reached XP level 2. HP: 17/19 MP: 2/2
   717 | D:2      | Reached XP level 3. HP: 22/23 MP: 3/3
   886 | D:2      | Noticed Terence
   899 | D:2      | Killed Terence
   899 | D:2      | Reached XP level 4. HP: 28/29 MP: 4/4
   925 | D:2      | Reached skill level 3 in Axes
  1038 | D:2      | Found a faded altar of an unknown god.
  1266 | D:2      | Reached XP level 5. HP: 32/33 MP: 5/5
  2007 | D:4      | Reached XP level 6. HP: 33/39 MP: 6/6
  2010 | D:4      | Reached skill level 4 in Axes
  2250 | D:4      | Found Witosurgh's General Store.
  2475 | D:4      | Noticed a phantom
  2540 | D:4      | Killed a phantom
  2540 | D:4      | Reached skill level 5 in Fighting
  2540 | D:4      | Reached XP level 7. HP: 40/44 MP: 7/7
  2561 | D:4      | Reached skill level 5 in Armour
  2883 | D:4      | Reached skill level 5 in Axes
  3168 | D:5      | Entered Level 5 of the Dungeon
  3215 | D:5      | Found a glowing drain.
  3231 | Sewer    | Entered a sewer
  3743 | D:5      | Reached XP level 8. HP: 33/51 MP: 8/8
  4189 | D:5      | Reached skill level 6 in Axes
  5147 | D:6      | Found an opulent altar of Gozag.
  5169 | D:6      | Reached skill level 7 in Axes
  5360 | D:6      | Found a snail-covered altar of Cheibriados.
  5590 | D:6      | Found an iron altar of Okawaru.
  5687 | D:6      | Found a staircase to the Ecumenical Temple.
  5696 | Temple   | Entered the Ecumenical Temple
  6269 | D:7      | Reached XP level 9. HP: 56/56 MP: 9/9
  6589 | D:7      | Noticed Harold
  6606 | D:7      | Noticed Joseph
  6650 | D:7      | Killed Joseph
  6650 | D:7      | Reached skill level 8 in Axes
  6860 | D:7      | Killed Harold
  7154 | D:7      | Noticed Prince Ribbit
  7155 | D:7      | Found a burning altar of Makhleb.
  7166 | D:7      | Found a glowing silver altar of Zin.
  7178 | D:7      | Became a worshipper of Makhleb the Destroyer
  7339 | D:7      | Found a radiant altar of Vehumet.
  7487 | D:8      | Reached skill level 1 in Invocations
  7493 | D:8      | Reached skill level 9 in Axes
  7493 | D:8      | Reached XP level 10. HP: 52/64 MP: 8/11
  7501 | D:8      | Found Wiefes's General Store.
  7571 | D:9      | Noticed Gastronok
  7585 | D:9      | HP: 3/64 [Gastronok (15)]
  7625 | D:9      | HP: 7/144 [Gastronok/the air (6)]
  7626 | D:9      | Mangled by Gastronok

Vault maps used:
D:1:      eino_arrival_cavern_b
D:2:      minmay_angry_zag, chequers_ecumenical_altar_twisty, uniq_terence
D:4:      serial_glass, glass_columns_a, glass_columns_c, first_ration,
          serial_shops, shop_fountains, grunt_ministairs_2,
          minmay_a_box_with_orc_wizards_in_it
D:5:      cheibrodos_sewer_entry_sluice
D:6:      marbit_many_paths, nicolae_gozag_seed_capital,
          lemuel_temple_firewalk_b, kennysheep_slug_shrine
D:7:      minmay_overflow_temple_star_quad, minmay_misc_feat_encased,
          uniq_harold, uniq_joseph, uniq_prince_ribbit1
D:8:      erik_lair_orcish_takeover, basic_altar, serial_shops, shop_fountains,
          uniq_grum
D:9:      uniq_gastronok, uniq_erolcha
Temple:   minmay_crystal_spiral_temple
Sewer:    sewer_co_cracked_pipes

Skill      XL: |  1  2  3  4  5  6  7  8  9 |
---------------+----------------------------+-----
Axes           | 2 3 4 5 7 9 |  9.1
Fighting       | 4 5 6 8 |  8.2
Shields        | 4 |  4.0
Armour         | 4 5 6 8 |  8.2
Invocations    | 1 |  1.9

Action                   |  1- 3 |  4- 6 |  7- 9 | 10-12 || total
-------------------------+-------+-------+-------+-------++-------
Melee: War axe           |   112 |   161 |   400 |       ||   673
       Unarmed           |     7 |       |       |       ||     7
       Battleaxe         |       |       |    46 |    58 ||   104
  Use: Scroll            |       |       |    12 |     2 ||    14
       Potion            |       |       |     3 |    12 ||    15
 Stab: Confused          |     1 |       |       |       ||     1
  Eat: Chunk             |       |     6 |    10 |       ||    16
       Ration            |       |       |     2 |       ||     2
Armor: Scale mail        |    88 |     5 |       |       ||    93
       Skin              |     2 |       |     4 |    15 ||    21
       Chain mail        |       |    20 |       |       ||    20
       Plate armour      |       |   119 |   337 |   173 ||   629
Dodge: Dodged            |    53 |    23 |    70 |    68 ||   214
Block: Shield            |    99 |    78 |   188 |       ||   365

Table legend:
 A = Non-vault XP
 B = Vault XP
 C = Vault XP percentage of total XP
 D = Non-vault monster count
 E = Vault monster count
 F = Vault count percentage of total count
                 A         B        C        D         E       F
            +---------+---------+-------+---------+---------+-------
      Total |    2877 |    2101 |  42.2 |     133 |      44 |  24.9
            +---------+---------+-------+---------+---------+-------
        D:1 |      30 |       0 |   0.0 |      21 |       0 |   0.0
        D:2 |     101 |      44 |  30.3 |      21 |       5 |  19.2
        D:3 |     123 |       0 |   0.0 |      16 |       0 |   0.0
        D:4 |     413 |     232 |  36.0 |      25 |       7 |  21.9
        D:5 |     474 |      12 |   2.5 |      14 |       3 |  17.6
        D:6 |     763 |       5 |   0.7 |      20 |       2 |   9.1
        D:7 |     480 |    1431 |  74.9 |       7 |       2 |  22.2
        D:8 |     480 |     292 |  37.8 |       8 |       2 |  20.0
        D:9 |      13 |       0 |   0.0 |       1 |       0 |   0.0
      Sewer |       0 |      85 | 100.0 |       0 |      23 | 100.0
            +---------+---------+-------+---------+---------+-------
